 Dungeon Crawl Stone Soup version 0.29.0-7-g18a832c13a (webtiles) character file.

Game seed: 7544117111999685224

262552 browni3141 the Brawler (level 19, -2/189 HPs)
             Began as a Troll Cinder Acolyte on Aug 30, 2022.
             Was a High Priest of Okawaru.
             Slain by a deep troll (11 damage)
             ... led by an ironbound preserver
             ... on level 3 of the Vaults.
             The game lasted 02:00:38 (36825 turns).

browni3141 the Brawler (Troll Cinder Acolyte)      Turns: 36825, Time: 02:00:38

Health: -2/189     AC: 20    Str: 34    XL:     19   Next: 22%
Magic:  27/27      EV:  9    Int:  6    God:    Okawaru [*****.]
Gold:   5898       SH: 18    Dex:  5    Spells: 20/20 levels left

rFire   + . .      SeeInvis .     - Unarmed
rCold   . . .      Faith    .   J - +5 kite shield
rNeg    . . .      Spirit   .   N - quicksilver dragon scales of the Hidden Curses {+Blink rF+ Will+ Str-5}
rPois   +          Reflect  .   C - +2 hat
rElec   .          Harm     .   l - +2 cloak
rCorr   .          Rampage  .   (gloves unavailable)
Will    ++...                   (boots unavailable)
Stlth   ++........              g - amulet of regeneration
HPRegen 2.01/turn               P - ring of poison resistance {@f3}
MPRegen 0.20/turn               S - +6 ring of strength

@: heroic
A: large, unfitting armour, claws 3, regeneration 1, shaggy fur 1, tough skin 1,
dopey 2
}: 2/15 runes: serpentine, barnacled
a: Renounce Religion, Evoke Blink, Heroism, Finesse, Duel


You were on level 3 of the Vaults.
You worshipped Okawaru.
Okawaru was extremely pleased with you.
You visited 8 branches of the dungeon, and saw 35 of its levels.
You also visited: Bailey and Gauntlet.

You collected 7749 gold pieces.
You spent 1851 gold pieces at shops.


Innate Abilities, Weirdness & Mutations

You are too large for most types of armour.
You have claws for hands.
Your natural rate of healing is unusually fast.
You are covered in fur. (AC +1)
You have tough skin. (AC +1)
You are very dopey. (Int -4)


   Skills:
 - Level 12.0(17.0) Fighting
 * Level 16.9(21.9) Throwing
 - Level 5.0(10.0) Armour
 - Level 1.0(6.0) Dodging
 - Level 2.0(7.0) Stealth
 - Level 15.0(20.0) Shields
 - Level 18.0(23.0) Unarmed Combat
 - Level 1.0 Spellcasting
 - Level 2.1 Fire Magic
 - Level 12.0 Invocations


You had 20 spell levels left.
You didn't know any spells.
Your spell library contained the following spells:

 Spells                   Type           Power      Damage    Failure   Level
 Scorch                   Fire           4%         2d5       43%         2
 Apportation              Tloc           0%         N/A       58%         1
 Freeze                   Ice            0%         1d3       58%         1
 Magic Dart               Conj           0%         1d3       58%         1
 Necrotise                Necr           0%         1d4       58%         1
 Sandblast                Erth           0%         2d4       58%         1
 Passwall                 Tmut/Erth      0%         N/A       75%         2
 Searing Ray              Conj           0%         2d4       75%         2
 Static Discharge         Conj/Air       0%         3-3/arc   75%         2
 Conjure Flame            Conj/Fire      1%         6-21      82%         3
 Inner Flame              Hex/Fire       1%         N/A       82%         3
 Dazzling Flash           Conj/Hex       0%         N/A       92%         3
 Frozen Ramparts          Ice            0%         1d1       92%         3
 Mephitic Cloud           Conj/Pois/Air  0%         N/A       92%         3
 Portal Projectile        Hex/Tloc       0%         N/A       92%         3
 Stone Arrow              Conj/Erth      0%         3d7       92%         3
 Teleport Other           Tloc           0%         N/A       92%         3
 Flame Wave               Conj/Fire      1%         2d4       99%         4
 Sticky Flame             Conj/Fire      1%         2d3       99%         4
 Cause Fear               Hex            0%         N/A       100%        4
 Corpse Rot               Necr/Pois/Air  0%         N/A       100%        4
 Dispel Undead            Necr           0%         3d6       100%        4
 Fulminant Prism          Conj/Hex       0%         3d6       100%        4
 Hailstorm                Conj/Ice       0%         3d3       100%        4
 Leda's Liquefaction      Hex/Erth       0%         N/A       100%        4
 Petrify                  Tmut/Erth      0%         N/A       100%        4
 Agony                    Necr           0%         N/A       100%        5
 Alistair's Intoxication  Tmut/Pois      0%         N/A       100%        5
 Blade Hands              Tmut           0%         N/A       100%        5
 Borgnjor's Vile Clutch   Necr/Erth      0%         N/A       100%        5
 Fireball                 Conj/Fire      0%         3d3       100%        5
 Freezing Cloud           Conj/Ice/Air   0%         6-21      100%        5
 Iskenderun's Battlesphe  Conj           0%         2d6       100%        5
 Lee's Rapid Deconstruct  Erth           0%         3d5*      100%        5
 Lightning Bolt           Conj/Air       0%         1d11      100%        5
 Silence                  Hex/Air        0%         N/A       100%        5
 Conjure Ball Lightning   Conj/Air       0%         3x3d6     100%        6
 Eringya's Noxious Bog    Tmut/Pois      0%         N/A       100%        6
 Iron Shot                Conj/Erth      0%         9d1       100%        6
 Starburst                Conj/Fire      0%         6d3       100%        6
 Statue Form              Tmut/Erth      0%         N/A       100%        6
 Dragon Form              Tmut           0%         N/A       100%        7
 Orb of Destruction       Conj           0%         9d5       100%        7
 Storm Form               Tmut/Air       0%         N/A       100%        7
 Discord                  Hex            0%         N/A       100%        8
 Disjunction              Tloc           0%         N/A       100%        8
 Ignition                 Fire           1%         3d3       100%        8
 Lehudib's Crystal Spear  Conj/Erth      0%         10d2      100%        8
 Maxwell's Capacitive Co  Air            0%         ∞         100%        8
 Summon Small Mammal      Summ           Unusable   N/A       N/A         1
 Call Canine Familiar     Summ           Unusable   N/A       N/A         3
 Summon Guardian Golem    Hex/Summ       Unusable   N/A       N/A         3
 Tukima's Dance           Hex            Unusable   N/A       N/A         3
 Animate Armour           Summ/Erth      Unusable   N/A       N/A         4
 Animate Dead             Necr           Unusable   N/A       N/A         4
 Summon Lightning Spire   Summ/Air       Unusable   N/A       N/A         4
 Summon Mana Viper        Hex/Summ       Unusable   N/A       N/A         5
 Death Channel            Necr           Unusable   N/A       N/A         6
 Summon Cactus Giant      Summ           Unusable   N/A       N/A         6
 Dragon's Call            Summ           Unusable   N/A       N/A         9

Inventory:

Missiles
 a - a datura-tipped dart
 e - 29 large rocks (quivered)
 j - 39 poisoned darts {@f3}
 u - 5 throwing nets
 y - 7 atropa-tipped darts
 E - 18 boomerangs
 F - 5 javelins
 G - a boomerang of dispersal
 W - 18 silver javelins
Armour
 l - a +2 cloak (worn)
 C - a +2 hat (worn)
 J - a +5 kite shield (worn)
 N - the quicksilver dragon scales of the Hidden Curses (worn) {+Blink rF+ Will+ Str-5}
   (Okawaru gifted it to you on level 1 of the Snake Pit)

   Str:       It affects your strength (-5).
   rF:        It protects you from fire.
   +Blink:    It lets you blink.
   Will:      It increases your willpower.
Jewellery
 g - an amulet of regeneration (around neck)
 s - an amulet of the acrobat
 L - a ring of flight
 M - a ring of willpower
 O - a ring of protection from fire
 P - a ring of poison resistance (left claw) {@f3}
 R - a ring of resist corrosion
 S - a +6 ring of strength (right claw)
Wands
 r - a wand of digging (18)
 D - a wand of mindburst (4)
 I - a wand of paralysis (16)
 T - a wand of light (13)
 X - a wand of polymorph (18)
 Z - a wand of iceblast (40)
Scrolls
 h - 12 scrolls of fear
 m - 6 scrolls of noise {!r}
 o - 16 scrolls of teleportation {@r4}
 t - 2 scrolls of immolation {!r}
 v - 7 scrolls of vulnerability {!r}
 w - 6 scrolls of amnesia
 x - 3 scrolls of fog {@r5}
 B - 2 scrolls of silence {!r}
 Q - 2 scrolls of poison {!r@f3}
 U - 6 scrolls of enchant armour
 V - 3 scrolls of magic mapping
 Y - 4 scrolls of blinking {@r3}
Potions
 b - 6 potions of mutation {!q}
 c - a potion of ambrosia
 d - a potion of cancellation
 f - 2 potions of invisibility
 i - 4 potions of attraction {!q}
 k - 3 potions of heal wounds {@q2}
 n - 5 potions of might
 p - 8 potions of curing {@q1}
 q - 6 potions of lignification {!q}
 z - a potion of brilliance
 A - 3 potions of berserk rage {!q}
 H - 2 potions of magic
 K - 3 potions of haste {@q3}

Dungeon Overview and Level Annotations

Branches:
Dungeon (15/15)            Temple (1/1) D:4            Lair (5/5) D:8
 Shoals (4/4) Lair:3        Snake (4/4) Lair:2        Slime (1/5) Lair:4
    Orc (2/2) D:10            Elf (0/3) Orc:2        Vaults (3/5) D:13
 Depths (0/4) D:15         Bailey (visited)         Gauntlet (visited)
  Crypt: Vaults:2-3

Altars:
Ashenzari
Cheibriados
Dithmenos
Elyvilon
Fedhas
Gozag
Hepliaklqana
Kikubaaqudgha
Makhleb
Nemelex Xobeh
Okawaru
Qazlal
Ru
Sif Muna
Trog
Uskayaw
Vehumet
Wu Jian
Xom
Yredelemnul
Zin
The Shining One
Jiyva

Shops:
D:1 *   D:6 [   D:10 !   Orc:2 (?:?   Shoals:3 ?*   Snake:3 (([[
Vaults:2 (*([

Portals:
Pandemonium: Orc:2

Annotations:
D:3 1 runed translucent door, Crazy Yiuf
D:13 2 runed translucent doors, dang3rdave's ghost, journeyman DEHu
Snake:2 exclusion: downstairs
Orc:2 Saint Roka ¦¦¦¦¦¦¦+¦¦¦¦¦¦

¦.............
¦.............
¦.............
¦.....T.......
¦....T@.......
¦....T........
¦...<.........
¦.............
¦.............
¦.............


¦¦+¦¦¦¦¦¦¦¦¦¦¦ You could see 3 deep trolls.


Message History

You feel less confused.
You start resting.
The spectator cheers noisily.
Okawaru bids you farewell from the Arena.
The spectator waves a pennant with your name on it.
You start resting.
You are returned from the Arena.
Welcome back to the Vaults!
The deep troll bites you!
* * * LOW HITPOINT WARNING * * *
You block the deep troll's attack. The deep troll barely misses you.
The deep troll bites you!!
* * * LOW HITPOINT WARNING * * *
The deep troll claws you!
* * * LOW HITPOINT WARNING * * *
You block the deep troll's attack. The deep troll bites you!
* * * LOW HITPOINT WARNING * * *
The deep troll claws you!
* * * LOW HITPOINT WARNING * * *
The deep troll claws you.
* * * LOW HITPOINT WARNING * * *
Unknown command.
You fail to use your ability.
The deep troll bites you!
* * * LOW HITPOINT WARNING * * *
You block the deep troll's attack.
The deep troll claws you but does no damage.
You block the deep troll's attack. The deep troll misses you.
The deep troll claws you.
* * * LOW HITPOINT WARNING * * *
The deep troll barely misses you. The deep troll claws you!
You die...

Skill      XL: |  1  2  3  4  5  6  7  8  9 10 11 12 13 14 15 16 17 18 |
---------------+-------------------------------------------------------+-----
Unarmed Combat | 4 6 8 9 11 12 13 14 16 17 18 | 18.0
Throwing       | 4 6 7 10 11 12 16 | 16.9
Fighting       | 3 5 6 7 9 10 12 | 12.0
Shields        | 5 10 14 15 | 15.0
Invocations    | 1 4 6 12 | 12.0
Stealth        | 2 |  2.0
Armour         | 4 5 |  5.0
Dodging        | 1 |  1.0
Spellcasting   | |  1.0
Fire Magic     | |  2.1

Action                   |  1- 3 |  4- 6 |  7- 9 | 10-12 | 13-15 | 16-18 | 19-21 || total
-------------------------+-------+-------+-------+-------+-------+-------+-------++-------
Melee: Unarmed           |    90 |   122 |   287 |   698 |  1073 |  1210 |   105 ||  3585
       Punch             |       |     2 |    16 |    21 |       |       |       ||    39
Throw: Dart              |       |     3 |    14 |    23 |     3 |     8 |       ||    51
       Boomerang         |       |       |       |    28 |   163 |   100 |       ||   291
       Large rock        |       |       |       |       |    72 |   206 |    24 ||   302
       Javelin           |       |       |       |       |    11 |    59 |     4 ||    74
Invok: Fiery Armour      |     1 |     1 |     1 |     2 |       |       |       ||     5
       Foxfire Swarm     |     1 |       |       |     4 |       |       |       ||     5
       Heroism           |       |       |       |     9 |    36 |    29 |     2 ||    76
       Rising Flame      |       |       |       |     1 |       |       |       ||     1
       Finesse           |       |       |       |       |     5 |     6 |       ||    11
       Duel              |       |       |       |       |       |     2 |     1 ||     3
Evoke: Wand              |       |       |     8 |     3 |     3 |     7 |       ||    21
  Use: Scroll            |       |       |     4 |    19 |     8 |    10 |       ||    41
       Potion            |       |       |     3 |     7 |     5 |    11 |     2 ||    28
 Stab: Petrified         |       |       |       |       |     2 |       |       ||     2
       Sleeping          |       |       |       |       |     2 |       |       ||     2
       Invisible         |       |       |       |       |       |     2 |       ||     2
Armor: Robe              |    42 |    39 |    64 |    49 |    60 |     9 |       ||   263
       Troll leather arm |       |       |       |    95 |   116 |       |       ||   211
       Quicksilver drago |       |       |       |       |       |   309 |    38 ||   347
Dodge: Dodged            |    55 |    58 |    94 |   216 |   212 |   238 |    24 ||   897
Block: Kite shield       |       |       |       |   249 |   731 |   832 |    78 ||  1890

Levels and vault maps discovered:
D:1:      lemuel_arrival_hallway, layout_loops_ring, serial_shops, shop,
          shapermc_ecumenical_altar_venn, nicolae_titane
D:2:      layout_basic, minmay_misc_feat_plants, uniq_sigmund, uniq_robin
D:3:      layout_rooms, uniq_crazy_yiuf_cottage
D:4:      layout_rooms, mainiacjoe_overflow_tiny_flanked,
          minmay_temple_entry_gardened_gates, minmay_misc_feat_roman
D:5:      layout_basic
D:6:      layout_loops_cross, serial_shops, shop, uniq_edmund
D:7:      layout_loops_ring, fiery_altar_vehumet, enter_bailey_5, uniq_maggie,
          uniq_menkaure
D:8:      layout_basic, mainiacjoe_overflow_24_doors,
          grunt_lair_entry_orc_guard_hut
D:9:      layout_roguey, mainiacjoe_overflow_swirl, cheibriados_altar_1,
          gammafunk_temple_overflow_wave, overflow_temple_1_default,
          mainiacjoe_overflow_concentric_impassable, hex_medium,
          minmay_stone_trees_medium
D:10:     layout_basic, orc_0_dummy, serial_shops, nicolae_shop_statue_plus,
          hangedman_decor_points, uniq_sonja, uniq_erolcha
D:11:     minmay_the_grid_triangle_9x9_recursive_3_mashed
          [minmay_the_grid_triangle_9x9_flanged_cone,
          minmay_the_grid_triangle_9x9_dagger,
          minmay_the_grid_triangle_9x9_zippers_vertical,
          minmay_the_grid_triangle_9x9_prize_insulated,
          minmay_the_grid_triangle_9x9_skeleton,
          minmay_the_grid_triangle_9x9_checkered,
          minmay_the_grid_triangle_9x9_impossible_snake,
          minmay_the_grid_triangle_9x9_negative_grid,
          minmay_the_grid_triangle_9x9_corruption], layout_grid_maze,
          fedhas_altar_2
D:12:     minmay_coctagon, layout_basic, portal_ice_cave_entry_pillars_2,
          nzn_wu_jian_council_hall, uniq_jorgrun, uniq_fannar, uniq_snorg,
          uniq_urug
D:13:     layout_roguey, david_vaults_1, hellmonk_ghost_happy_afterlife,
          minmay_st_funbox, hangedman_decor_diamond_cutter, uniq_rupert
D:14:     layout_loops_ring, dk_noncrumbling_4
D:15:     grunt_enter_depths_hoard, layout_loops_ring, nicolae_uskayaw_suspiria,
          hellmonk_guarded_unrand_gyre_and_gimble
Temple:   hellmonk_temple_two_chambers
Lair:1:   layout_cave_pods, beast_lair_carwin_3, serial_bayou_shore_b
Lair:2:   layout_hall_layers, minmay_snake_entry_guardpost_small,
          grunt_forest_stairs_clearing, infiniplex_staircase_pool
Lair:3:   layout_concentric_octagons, elwin_shoals_entry_rooms,
          gauntlet_entry_generic
Lair:4:   layout_small_grid, slime_entry_1
Lair:5:   grunt_lair_end_beastmaster, layout_regular_city,
          grunt_forest_small_clearing_treed
Shoals:1: layout_shoals, uniq_mlioglotl
Shoals:2: layout_shoals, nicolae_shoals_beach_house_on_fowls_legs
Shoals:3: layout_shoals, serial_shops, nicolae_square_shop,
          nicolae_shop_overcharged_wands
Shoals:4: shoals_end_hellmonk_lost_city
Snake:1:  layout_grid_shapes, serial_bayou, serial_bayou_pond_a,
          serial_bayou_shore_a, serial_bayou_pond_e, serial_bayou_shore_b,
          beargit_elvish_explorers
Snake:2:  nrook_guardian_serpent_snake_passage, layout_cave_pods, basic_altar
Snake:3:  layout_misc_corridors, serial_shops, nicolae_shop_crystal,
          nicolae_shop_hallway_plus, shop_fountains, nicolae_shop_statue_plus,
          shop, uniq_azrael
Snake:4:  grunt_snake_rune_serpentine_throne, layout_cave_town, uniq_aizul
Slime:1:  nicolae_slime_pool, layout_caves, basic_altar
Orc:1:    orc_temple, layout_diamond_mine, hellmonk_guarded_unrand_dark_maul
Orc:2:    pf_orc_diabolical, layout_diamond_mine, basic_altar, uniq_josephine,
          uniq_nessos, uniq_saint_roka
Vaults:1: ontoclasm_vaults_pinch, hangedman_vaults_corner,
          nicolae_vaults_windows_and_doors_thing, nicolae_vaults_shelves_hall,
          v_alt_pattern_1, v_misc_24, hangedman_vaults_locks, v_misc_28,
          hangedman_vaults_slice, vaults_room_grid, ontoclasm_vaults_idyll,
          st_cells, nicolae_vaults_network_star, ontoclasm_vaults_gateway,
          ontoclasm_vaults_loading_screen, layout_vaults_omnicross
Vaults:2: kennysheep_vaults_gozag_temple, vaults_room_fancy_cross, v_misc_11,
          v_alt_pattern_6, nicolae_vaults_mini_display_case,
          vaults_dpeg_emergency_exit, layout_vaults_omnigrid, serial_shops, shop
Vaults:3: gammafunk_ghost_abyssal_escape, hangedman_vaults_cutoff,
          nicolae_vaults_diagonal_hallway_6, nicolae_vaults_little_squares_5,
          hangedman_vaults_snaps, grunt_vaults_twisty, vaults_room_fancy_cross,
          minmay_crypt_entry_simple_corners, nicolae_vaults_big_ls,
          layout_vaults_big_room

Notes
Turn   | Place    | Note
-------+----------+-------------------------------------------
     0 | D:1      | browni3141 the Troll Cinder Acolyte began the quest for the
                  | Orb.
     0 | D:1      | Reached XP level 1. HP: 22/22 MP: 1/1
   129 | D:1      | Found a faded altar of an unknown god.
   143 | D:1      | Reached XP level 2. HP: 27/29 MP: 2/2
   326 | D:1      | Reached skill level 4 in Unarmed Combat
   359 | D:1      | Found Virutum's General Store.
   785 | D:2      | Noticed Robin
   832 | D:2      | Reached XP level 3. HP: 36/36 MP: 3/3
   890 | D:2      | Killed Robin
   952 | D:2      | Noticed Sigmund
   957 | D:2      | Killed Sigmund
   958 | D:2      | Reached skill level 5 in Unarmed Combat
   958 | D:2      | Reached skill level 6 in Unarmed Combat
   958 | D:2      | Reached XP level 4. HP: 43/44 MP: 4/4
   958 | D:2      | Reached XP level 5. HP: 49/50 MP: 5/5
  1311 | D:2      | Got the Octavo of Collective Malediction
  1722 | D:3      | Reached XP level 6. HP: 58/59 MP: 6/6
  2125 | D:3      | Reached skill level 7 in Unarmed Combat
  2186 | D:3      | Found a runed translucent door.
  2187 | D:3      | Noticed Crazy Yiuf
  2406 | D:4      | Found a staircase to the Ecumenical Temple.
  2434 | Temple   | Entered the Ecumenical Temple
  2506 | D:4      | Reached skill level 8 in Unarmed Combat
  2506 | D:4      | Reached XP level 7. HP: 66/66 MP: 7/7
  2709 | D:4      | Found a shimmering altar of Xom.
  2756 | D:5      | Entered Level 5 of the Dungeon
  2805 | D:5      | Got Pothrat's Omnibus of the Geologist and Pyromania
  2904 | D:5      | Reached skill level 9 in Unarmed Combat
  3287 | D:5      | Reached XP level 8. HP: 70/73 MP: 8/8
  3302 | D:5      | Reached skill level 10 in Unarmed Combat
  3528 | D:5      | Reached skill level 1 in Throwing
  3887 | D:6      | Found Ucab's Armour Emporium.
  3896 | D:6      | Bought a +2 robe of willpower for 194 gold pieces
  3944 | D:6      | Noticed Edmund
  3952 | D:6      | Killed Edmund
  3953 | D:6      | Reached skill level 2 in Throwing
  4167 | D:6      | Reached skill level 3 in Fighting
  4198 | D:6      | Reached skill level 3 in Throwing
  4619 | D:7      | Found a flagged portal.
  4641 | Bailey   | Entered a bailey
  4735 | Bailey   | Noticed an orc knight
  4750 | Bailey   | Killed an orc knight
  4751 | Bailey   | Reached skill level 4 in Throwing
  4751 | Bailey   | Reached skill level 11 in Unarmed Combat
  4751 | Bailey   | Reached XP level 9. HP: 31/83 MP: 9/9
  4930 | Bailey   | Noticed an orc knight
  4947 | Bailey   | Killed an orc knight
  4948 | Bailey   | Reached skill level 4 in Fighting
  4948 | Bailey   | Reached skill level 5 in Throwing
  5041 | Bailey   | Noticed an orc warlord
  5148 | D:7      | Identified the +4 whip of Impatience {protect, SInv}
  5211 | D:7      | Noticed Maggie
  5218 | D:7      | Killed Maggie
  5219 | D:7      | Reached skill level 6 in Throwing
  5219 | D:7      | Reached skill level 12 in Unarmed Combat
  5233 | D:7      | Found a radiant altar of Vehumet.
  5305 | D:7      | Reached skill level 5 in Fighting
  5319 | D:7      | Reached XP level 10. HP: 93/94 MP: 10/10
  5376 | D:7      | Noticed Menkaure
  5383 | D:7      | Killed Menkaure
  5533 | D:7      | Reached skill level 6 in Fighting
  5894 | D:8      | Found a burning altar of Makhleb.
  6104 | D:8      | Reached skill level 13 in Unarmed Combat
  6182 | D:8      | Found a staircase to the Lair.
  6515 | D:8      | Reached skill level 1 in Shields
  6680 | D:8      | Reached skill level 2 in Shields
  6878 | D:9      | Reached skill level 3 in Shields
  6939 | D:9      | Noticed a two-headed ogre
  6956 | D:9      | Killed a two-headed ogre
  6957 | D:9      | Reached skill level 4 in Shields
  6994 | D:9      | Found a shimmering blue altar of Sif Muna.
  7040 | D:9      | Reached skill level 5 in Shields
  7048 | D:9      | Reached XP level 11. HP: 47/105 MP: 11/11
  7119 | D:9      | Found a broken altar of Ashenzari.
  7119 | D:9      | Found a bloodstained altar of Trog.
  7162 | D:9      | Reached skill level 6 in Shields
  7253 | D:9      | Found a shadowy altar of Dithmenos.
  7291 | D:9      | Found a snail-covered altar of Cheibriados.
  7434 | D:9      | Found a sacrificial altar of Ru.
  7443 | D:9      | Found an iron altar of Okawaru.
  7521 | D:10     | Entered Level 10 of the Dungeon
  7589 | D:10     | Found Ygask's Distillery.
  7655 | D:10     | Noticed Sonja
  7660 | D:10     | Killed Sonja
  7661 | D:10     | Reached skill level 7 in Shields
  7800 | D:10     | Found a staircase to the Orcish Mines.
  8222 | D:10     | Noticed Erolcha
  8247 | D:10     | Reached skill level 8 in Shields
  8494 | D:10     | Killed Erolcha
  8795 | D:11     | Noticed a seven-headed hydra
  8863 | D:11     | Noticed a boulder beetle
  9006 | D:9      | Fell from the grace of Ignis
  9006 | D:9      | Became a worshipper of Warmaster Okawaru
  9103 | Orc:1    | Entered Level 1 of the Orcish Mines
  9103 | Orc:1    | Noticed an orc high priest
  9178 | Lair:1   | Entered Level 1 of the Lair of Beasts
  9221 | Lair:1   | Reached skill level 9 in Shields
  9437 | Lair:1   | Noticed a six-headed hydra
  9568 | Lair:1   | HP: 10/105 [poisoned by a cane toad]
  9570 | Lair:1   | Reached * piety under Okawaru
  9570 | Lair:1   | HP: 4/105 [poisoned by a cane toad]
  9575 | Lair:1   | HP: 6/105 [poisoned by a cane toad]
  9580 | Lair:1   | HP: 5/105 [water moccasin (6)]
  9585 | Lair:1   | HP: 7/105 [poisoned by a water moccasin]
  9681 | Lair:1   | Reached skill level 10 in Shields
  9743 | Lair:1   | You fall into a shaft and drop 1 floor!
  9833 | Lair:2   | Reached ** piety under Okawaru
  9855 | Lair:2   | Noticed a six-headed hydra
  9863 | Lair:2   | Killed a six-headed hydra
  9864 | Lair:2   | Reached skill level 7 in Throwing
  9864 | Lair:2   | Reached XP level 12. HP: 108/114 MP: 9/12
  9872 | Lair:2   | Found a staircase to the Snake Pit.
  9978 | Lair:2   | Reached skill level 8 in Throwing
 10331 | Lair:2   | You fall into a shaft and drop 1 floor!
 10363 | Lair:3   | Found a gate leading to a gauntlet.
 10374 | Gauntlet | Entered a Gauntlet
 10374 | Gauntlet | Found a transporter.
 10384 | Gauntlet | Found a transporter.
 10385 | Gauntlet | Found a transporter.
 10385 | Gauntlet | Found a transporter.
 10393 | Gauntlet | Found a transporter.
 10396 | Gauntlet | Found a transporter.
 10397 | Gauntlet | Found a transporter.
 10408 | Gauntlet | Found a transporter.
 10408 | Gauntlet | Found a transporter.
 10409 | Gauntlet | Found a transporter.
 10420 | Gauntlet | Found a transporter.
 10420 | Gauntlet | Found a transporter.
 10421 | Gauntlet | Found a transporter.
 10447 | Gauntlet | Found a transporter.
 10508 | Gauntlet | Found a runed translucent door.
 10617 | Gauntlet | Reached skill level 9 in Throwing
 10738 | Gauntlet | Reached *** piety under Okawaru
 10760 | Gauntlet | Identified the -2 hat of Beogh's Anger {rF- Regen+ SInv}
 10813 | Gauntlet | Was forgiven by Ignis
 10887 | Gauntlet | Noticed a minotaur
 10894 | Gauntlet | Killed a minotaur
 10895 | Gauntlet | Reached skill level 10 in Throwing
 10902 | Gauntlet | Got the Codex of Peregrination and Bolts
 10975 | Lair:3   | Identified the +2 robe of Entitlement {Rampage}
 11119 | Lair:3   | Reached **** piety under Okawaru
 11120 | Lair:3   | Reached skill level 14 in Unarmed Combat
 11148 | Lair:3   | You fall into a shaft and drop 2 floors!
 11148 | Lair:5   | Entered Level 5 of the Lair of Beasts
 11162 | Lair:5   | Noticed a five-headed hydra
 11167 | Lair:5   | Killed a five-headed hydra
 11167 | Lair:5   | Received a gift from Okawaru
 11269 | Lair:5   | Reached skill level 1 in Invocations
 11343 | Lair:5   | Reached XP level 13. HP: 114/120 MP: 13/13
 11516 | Lair:5   | Reached skill level 2 in Invocations
 11522 | Lair:5   | Reached ***** piety under Okawaru
 11523 | Lair:5   | Reached skill level 15 in Unarmed Combat
 11626 | Lair:5   | Reached skill level 3 in Invocations
 11708 | Lair:5   | Received a gift from Okawaru
 11709 | Lair:5   | Reached skill level 4 in Invocations
 11963 | Lair:4   | Found a viscous altar of Jiyva.
 11963 | Lair:4   | Found a staircase to the Slime Pits.
 12131 | Lair:4   | Received a gift from Okawaru
 13269 | Lair:3   | Found a staircase to the Shoals.
 13300 | Lair:3   | Reached skill level 16 in Unarmed Combat
 13961 | Lair:1   | Reached skill level 7 in Fighting
 14377 | Slime:1  | Entered Level 1 of the Pits of Slime
 14377 | Slime:1  | Noticed a quicksilver ooze
 14800 | Lair:5   | Received a gift from Okawaru
 14801 | Lair:5   | Reached skill level 11 in Throwing
 14938 | Lair:5   | Reached XP level 14. HP: 133/133 MP: 16/16
 15686 | Orc:1    | Noticed an orc warlord
 15730 | Orc:1    | Killed an orc warlord
 16016 | Orc:1    | Received a gift from Okawaru
 16055 | Orc:1    | Reached skill level 8 in Fighting
 16160 | Orc:1    | HP: 6/122 [orc warrior/+1 hand axe of electrocution (18)]
 16503 | Orc:2    | Entered Level 2 of the Orcish Mines
 16630 | Orc:2    | Noticed Nessos
 16716 | Orc:2    | Killed Nessos
 16735 | Orc:2    | Identified the +9 giant club "Teoteffyo" {flame, *Noise rF+
                  | Will+ Int+4} (Okawaru gifted it to you on level 2 of the
                  | Orcish Mines)
 16735 | Orc:2    | Received a gift from Okawaru
 16846 | Orc:2    | Noticed Saint Roka
 17161 | Orc:2    | Found Zoorhedi's Magic Scroll Boutique.
 17162 | Orc:2    | Found Tatsu's Magic Scroll Shop.
 17264 | Orc:2    | Bought a scroll of identify for 22 gold pieces
 17264 | Orc:2    | Bought a scroll of fear for 44 gold pieces
 17268 | Orc:2    | Bought a scroll of blinking for 112 gold pieces
 17268 | Orc:2    | Bought a scroll of identify for 30 gold pieces
 17291 | Orc:2    | Reached skill level 17 in Unarmed Combat
 17361 | Orc:2    | Reached skill level 12 in Throwing
 17362 | Orc:2    | Paralysed by an orc sorcerer for 4 turns
 17393 | Orc:2    | Reached skill level 5 in Invocations
 17413 | Orc:2    | Reached skill level 9 in Fighting
 17420 | Orc:2    | Identified the +7 arbalest "Reahopot" {freeze, Drain Int+8
                  | Dex-2 SInv} (Okawaru gifted it to you on level 2 of the
                  | Orcish Mines)
 17420 | Orc:2    | Received a gift from Okawaru
 17448 | Orc:2    | Found Utas's Antique Weapon Shoppe.
 17448 | Orc:2    | Found Jyelen's Book Emporium.
 17449 | Orc:2    | Found a one-way gate leading to the halls of Pandemonium.
 17864 | Orc:2    | Found a staircase to the Elven Halls.
 17882 | Orc:2    | Noticed Josephine
 17889 | Orc:2    | Killed Josephine
 17890 | Orc:2    | Reached skill level 6 in Invocations
 18638 | D:11     | Reached XP level 15. HP: 134/149 MP: 18/18
 18656 | D:11     | Identified the amulet of Suicidal Tendencies {Faith Int+6}
 18734 | D:11     | Identified the +1 robe of the Elven Halls {Fly Will+ Slay+2
                  | Stlth+} (Okawaru gifted it to you on level 11 of the
                  | Dungeon)
 18734 | D:11     | Received a gift from Okawaru
 18764 | D:11     | Reached skill level 7 in Invocations
 18793 | D:11     | Reached skill level 10 in Fighting
 19022 | D:11     | Found a blossoming altar of Fedhas.
 19441 | D:12     | Noticed Fannar
 19452 | D:12     | Killed Fannar
 19485 | D:12     | Reached skill level 1 in Stealth
 19540 | D:12     | Noticed Snorg
 19548 | D:12     | Killed Snorg
 19549 | D:12     | Reached skill level 8 in Invocations
 19879 | D:12     | Noticed Urug
 19890 | D:12     | Killed Urug
 19998 | D:12     | Found a frozen archway.
 20002 | D:12     | Reached skill level 2 in Stealth
 20359 | D:12     | Identified a +2 robe of the Archmagi
 20359 | D:12     | Noticed Jorgrun
 20378 | D:12     | Killed Jorgrun
 20432 | D:12     | Found an ornate altar of the Wu Jian Council.
 20553 | D:13     | Noticed dang3rdave's ghost (journeyman DEHu)
 20554 | D:13     | Found a runed translucent door.
 20648 | D:13     | Reached skill level 9 in Invocations
 20768 | D:13     | Noticed a fire giant
 20785 | D:13     | Identified the ring of Cuomuy {Fly rF+ Str-3 Int+6 Dex+3}
 20788 | D:13     | Found a runed translucent door.
 21035 | D:13     | Found a gate to the Vaults.
 21110 | D:13     | Noticed Rupert
 21117 | D:13     | Killed Rupert
 21282 | D:13     | Identified the +1 pair of boots of the Several Ships {rCorr
                  | Str+2}
 21519 | D:14     | Reached skill level 10 in Invocations
 21556 | D:14     | Received a gift from Okawaru
 21847 | D:14     | Received a gift from Okawaru
 22240 | D:15     | Entered Level 15 of the Dungeon
 22281 | D:15     | Acquired 528 gold pieces
 22283 | D:15     | Acquired 1235 gold pieces
 22328 | D:15     | Found a hide-covered altar of Uskayaw.
 22453 | D:15     | Reached skill level 11 in Invocations
 22652 | D:15     | Found a staircase to the Depths.
 22848 | D:15     | Identified the +9 quarterstaff of Severance {vorpal, Fly
                  | rElec rC- Will+++} (Okawaru gifted it to you on level 15 of
                  | the Dungeon)
 22848 | D:15     | Received a gift from Okawaru
 22904 | D:15     | Found the +12 pair of quick blades "Gyre" and "Gimble"
                  | {protect}
 23378 | Snake:1  | Entered Level 1 of the Snake Pit
 23530 | Snake:1  | Reached skill level 12 in Invocations
 23530 | Snake:1  | Reached XP level 16. HP: 34/158 MP: 21/24
 24077 | Snake:1  | Got Ishreu's Tome of Scorching Damage Dealing
 24452 | Snake:1  | Identified the quicksilver dragon scales of the Hidden
                  | Curses {+Blink rF+ Will+ Str-5} (Okawaru gifted it to you
                  | on level 1 of the Snake Pit)
 24452 | Snake:1  | Received a gift from Okawaru
 24453 | Snake:1  | Reached skill level 11 in Fighting
 24987 | Snake:2  | Found an ornate altar of the Wu Jian Council.
 25004 | Snake:2  | Reached skill level 12 in Fighting
 25018 | Snake:2  | Reached skill level 1 in Armour
 25221 | Snake:2  | Reached ****** piety under Okawaru
 25393 | Snake:2  | Reached skill level 2 in Armour
 25509 | Snake:2  | Identified the +5 ring mail of Hautiyn {Will+ Str+5}
 25532 | Snake:2  | Acquired 703 gold pieces
 25952 | Snake:3  | Noticed Azrael
 26021 | Snake:3  | Found Irhe's Antique Armour Boutique.
 26041 | Snake:3  | Killed Azrael
 26179 | Snake:3  | Reached skill level 3 in Armour
 26193 | Snake:3  | Found Oliwasikh's Distillery.
 26323 | Snake:3  | Found Qaexaet's Antique Weapon Boutique.
 26346 | Snake:3  | Found Igudaputs's Armour Shop.
 26553 | Snake:3  | Found Bippol's Antique Weapon Shoppe.
 26638 | Snake:4  | Entered Level 4 of the Snake Pit
 26979 | Snake:4  | Received a gift from Okawaru
 27099 | Snake:4  | Reached skill level 4 in Armour
 27289 | Snake:4  | Reached skill level 1 in Dodging
 27755 | Snake:4  | Noticed Aizul
 27761 | Arena    | Entered the Arena
 27769 | Arena    | Killed Aizul
 28107 | Snake:4  | Reached XP level 17. HP: 94/172 MP: 25/25
 28270 | Snake:4  | Reached skill level 18 in Unarmed Combat
 28291 | Snake:4  | Reached skill level 5 in Armour
 28450 | Snake:4  | Received a gift from Okawaru
 28683 | Snake:4  | Reached skill level 11 in Shields
 28832 | Snake:4  | Received a gift from Okawaru
 28859 | Snake:4  | Received a gift from Okawaru
 28943 | Snake:4  | Reached skill level 12 in Shields
 29017 | Snake:4  | Got a serpentine rune of Zot
 29218 | Shoals:1 | Entered Level 1 of the Shoals
 30266 | Shoals:1 | Noticed Mlioglotl
 30282 | Shoals:1 | Killed Mlioglotl
 30299 | Shoals:1 | Received a gift from Okawaru
 31030 | Shoals:2 | Reached skill level 13 in Shields
 31176 | Shoals:2 | Identified the +0 scale mail of Instinct {rElec Will+}
 31290 | Shoals:2 | Received a gift from Okawaru
 31448 | Shoals:2 | Identified the +4 short sword of Wyrd {speed, rF+ Will++
                  | rCorr Dex-4}
 31522 | Shoals:3 | Received a gift from Okawaru
 31548 | Shoals:3 | Found Xuecubb's Magic Scroll Boutique.
 31560 | Shoals:3 | Bought a scroll of teleportation for 54 gold pieces
 31560 | Shoals:3 | Bought a scroll of teleportation for 54 gold pieces
 31633 | Shoals:3 | Found Roex Ror's Overcharged Wands.
 31732 | Shoals:3 | Bought a wand of iceblast (18) for 648 gold pieces
 31732 | Shoals:3 | Bought a wand of digging (11) for 693 gold pieces
 31935 | Shoals:3 | Reached skill level 14 in Shields
 32153 | Shoals:4 | Entered Level 4 of the Shoals
 32411 | Shoals:4 | Received a gift from Okawaru
 32418 | Shoals:4 | Reached XP level 18. HP: 131/182 MP: 20/26
 32428 | Shoals:4 | Reached skill level 15 in Shields
 32780 | Shoals:4 | Identified the +5 quarterstaff "Xoweuf" {vorpal, *Rage
                  | +Blink rN+ rCorr}
 32853 | Shoals:4 | Got a barnacled rune of Zot
 32870 | Shoals:4 | Identified the +1 robe "Nuesmiarch" {*Corrode Will+ Str+4}
                  | (Okawaru gifted it to you on level 4 of the Shoals)
 32870 | Shoals:4 | Received a gift from Okawaru
 32905 | Shoals:4 | Identified the +1 ring mail of Bosu {*Slow rC+ Str+4}
 33247 | Vaults:1 | Entered Level 1 of the Vaults
 33343 | Arena    | Entered the Arena
 33429 | Vaults:1 | Reached skill level 13 in Throwing
 33743 | Vaults:1 | Paralysed by a sphinx for 5 turns
 33787 | Vaults:1 | Reached skill level 14 in Throwing
 34486 | Vaults:1 | Reached skill level 15 in Throwing
 34704 | Vaults:1 | Identified the +2 robe of Okawaru's Hope {Archmagi}
                  | (Okawaru gifted it to you on level 1 of the Vaults)
 34704 | Vaults:1 | Received a gift from Okawaru
 35295 | Vaults:1 | Reached skill level 16 in Throwing
 35311 | Vaults:1 | Reached XP level 19. HP: 112/189 MP: 27/27
 35636 | Vaults:2 | Found Bekeyjiu's Antique Weapon Shoppe.
 35960 | Vaults:2 | Gained mutation: You are dopey. (Int -2) [a shining eye]
 35961 | Vaults:2 | Gained mutation: You are very dopey. (Int -4) [a shining
                  | eye]
 36011 | Vaults:2 | Found Gozag's Antique Weapon Boutique.
 36021 | Vaults:2 | Found an opulent altar of Gozag.
 36021 | Vaults:2 | Found Gozag's Assorted Antiques.
 36037 | Vaults:2 | Found Gozag's Antique Armour Shop.
 36800 | Arena    | Entered the Arena
 36825 | Vaults:3 | HP: 14/189 [deep troll[an ironbound preserver] (13)]
 36825 | Vaults:3 | Slain by a deep troll

Vanquished Creatures
  Rupert (D:13)
  Mlioglotl (Shoals:1)
  Jorgrun (D:12)
  2 sphinxes
  A fenstrider witch (Shoals:2)
  6 nagarajas
  Aizul (Arena)
  An orc warlord (Orc:1)
  3 vault wardens (Vaults:2)
  A deep elf sorcerer (Vaults:1)
  2 very ugly things
  Nessos (Orc:2)
  5 ironbound thunderhulks
  6 ironbound preservers
  2 entropy weavers
  3 minotaurs
  Azrael (Snake:3)
  13 dire elephants
  Snorg (D:12)
  2 ettins (D:15)
  3 merfolk impalers
  A deep elf death mage (Vaults:2)
  A fire dragon (D:15)
  4 great orbs of eyes
  5 boulder beetles
  Erolcha (D:10)
  3 yaktaur captains
  Fannar (D:12)
  Josephine (Orc:2)
  7 hydras
  4 salamander tyrants
  A demonspawn (Orc:2)
  16 centaur warriors
  An ice dragon (D:15)
  2 merfolk aquamancers
  An ogre mage (Vaults:2)
  2 catoblepae
  3 alligator snapping turtles (Shoals:4)
  11 anacondas
  A merfolk avatar (Shoals:2)
  6 two-headed ogres
  5 ironbound frosthearts
  15 naga warriors
  A deep troll shaman (Lair:5)
  10 death yaks (Lair:5)
  3 tengu warriors
  8 orc high priests
  Urug (D:12)
  A spriggan berserker (D:15)
  12 naga sharpshooters
  14 satyrs
  4 shock serpents
  A deep elf knight (Snake:1)
  Sonja (D:10)
  A sun demon (Orc:2)
  10 deep trolls (Vaults:1)
  4 salamander mystics
  3 wizards
  A deep elf archer (Snake:1)
  11 sea snakes
  3 naga ritualists
  7 ironbound convokers
  2 deep elf pyromancers
  A phantasmal warrior (Vaults:1)
  A necromancer (D:13)
  5 harpies (Shoals:4)
  9 lindwurms
  9 orc sorcerers
  18 fauns
  3 mana vipers
  A moth of wrath (Gauntlet)
  13 manticores
  12 ugly things
  6 cyclopes
  10 orc knights
  13 salamanders
  A vault sentinel (Vaults:1)
  8 merfolk sirens
  5 elephants (Lair:5)
  A smoke demon (Orc:2)
  5 water nymphs
  17 naga magi
  20 black mambas
  An orange demon (Orc:2)
  A gargoyle (D:12)
  11 cane toads
  An eye of devastation (Gauntlet)
  11 guardian serpents
  Maggie (D:7)
  7 rime drakes
  4 unseen horrors
  13 yaktaurs
  3 kobold demonologists
  A freezing wraith (D:12)
  12 merfolk
  4 komodo dragons
  10 trolls
  8 polar bears
  4 wind drakes
  A large abomination (Gauntlet)
  A raiju (Snake:1)
  20 blink frogs
  A blink frog (shapeshifter) (D:13)
  15 dream sheep
  2 hornets
  47 slime creatures
  7 snapping turtles
  2 centaur simulacra (D:12)
  A spriggan (Lair:2)
  Sigmund (D:2)
  5 shadows (Gauntlet)
  6 wraiths
  20 yaks
  A vampire (D:10)
  2 water elementals
  15 fire elementals
  5 wyverns
  3 basilisks
  2 golden eyes (Gauntlet)
  8 vampire mosquitoes (D:11)
  A small abomination (Gauntlet)
  3 steam dragons
  Menkaure (D:7)
  2 redbacks (Vaults:1)
  Edmund (D:6)
  3 acid dragons
  3 wargs
  34 nagas
  14 water moccasins
  3 swamp worms (Gauntlet)
  2 hell hounds (Snake:3)
  48 orc warriors
  2 ice beasts
  3 black bears
  5 ogres
  6 centaurs
  22 wolves
  2 phantoms
  9 bullfrogs
  3 necrophages (D:5)
  A gnoll sergeant (D:10)
  A scorpion (D:6)
  17 wights
  8 killer bees
  3 electric eels (Snake:1)
  11 howler monkeys
  28 orc priests
  A jelly (D:7)
  3 gnoll boudas
  2 hounds
  3 iguanas
  17 orc wizards
  4 hell rats (Lair:4)
  Robin (D:2)
  22 gnolls
  6 adders
  2 shadow imps (D:6)
  2 ufetubi
  5 worms
  2 dart slugs (D:1)
  84 orcs
  6 endoplasms
  2 giant cockroaches
  22 goblins
  16 hobgoblins
  6 jackals
  5 quokkas
  4 ball pythons
  6 bats
  6 frilled lizards
  10 kobolds
  3 rats
1138 creatures vanquished.

Vanquished Creatures (others)
  An unseen horror (shapeshifter) (Vaults:2)
  106 foxfires
  34 fungi
  50 plants
191 creatures vanquished.

Grand Total: 1329 creatures vanquished

Table legend: (Time is in decaauts)
 A = Elapsed time spent in this place.
 B = Non-inter-level travel time spent in this place.
 C = Inter-level travel time spent in this place.
 D = Time resting spent in this place.
 E = Time spent auto-exploring this place.
 F = Levels seen in this place.
 G = Mean time per level.
                   A        B        C        D        E       F      G
               +--------+--------+--------+--------+--------+-----+--------+
         Total |  36102 |  32973 |   3129 |   2499 |  20325 |  40 |  902.5 |
       Dungeon |  14427 |  12762 |   1665 |    629 |   9249 |  15 |  961.8 |
        Temple |     17 |     17 |      0 |      0 |     10 |   1 |   17.0 |
          Lair |   5603 |   4907 |    696 |    357 |   2950 |   5 | 1120.6 |
        Shoals |   3044 |   2887 |    157 |    150 |   1818 |   4 |  761.0 |
     Snake Pit |   5852 |   5459 |    393 |    772 |   2978 |   4 | 1463.0 |
    Slime Pits |      1 |      1 |      0 |      0 |      0 |   1 |    1.0 |
  Orcish Mines |   2819 |   2660 |    159 |    136 |   1085 |   2 | 1409.5 |
        Vaults |   3334 |   3277 |     57 |    354 |   2155 |   3 | 1111.3 |
        Bailey |    449 |    449 |      0 |     57 |     73 |   1 |  449.0 |
      Gauntlet |    502 |    502 |      0 |     14 |      7 |   1 |  502.0 |
         Arena |     49 |     49 |      0 |     28 |      0 |   3 |   16.3 |
               +--------+--------+--------+--------+--------+-----+--------+

Top non-repeatable levels by time:
 Snake:4: 2445 daAuts
Vaults:1: 1978 daAuts
    D:10: 1700 daAuts
 Snake:2: 1519 daAuts
   Orc:2: 1514 daAuts
  Lair:5: 1376 daAuts
Vaults:2: 1344 daAuts
  Lair:3: 1337 daAuts
    D:11: 1306 daAuts
   Orc:1: 1305 daAuts
     D:8: 1235 daAuts
  Lair:1: 1191 daAuts
 Snake:1: 1175 daAuts
    D:12: 1125 daAuts
    D:13: 1056 daAuts

Table legend:
 A = Non-vault XP
 B = Vault XP
 C = Vault XP percentage of total XP
 D = Non-vault monster count
 E = Vault monster count
 F = Vault count percentage of total count
                 A         B        C        D         E       F
            +---------+---------+-------+---------+---------+-------
      Total |  211956 |  186926 |  46.9 |     705 |     422 |  37.4
            +---------+---------+-------+---------+---------+-------
        D:1 |      33 |       7 |  17.5 |      17 |       4 |  19.0
        D:2 |      29 |     250 |  89.6 |      11 |       8 |  42.1
        D:3 |     229 |       0 |   0.0 |      24 |       0 |   0.0
        D:4 |     254 |       0 |   0.0 |      26 |       0 |   0.0
        D:5 |    1009 |       0 |   0.0 |      27 |       0 |   0.0
        D:6 |     619 |     164 |  20.9 |      13 |       1 |   7.1
        D:7 |    1318 |     574 |  30.3 |      26 |       6 |  18.8
        D:8 |    1436 |    1104 |  43.5 |      19 |       6 |  24.0
        D:9 |    3166 |       0 |   0.0 |      20 |       0 |   0.0
       D:10 |    4002 |    2064 |  34.0 |      38 |       5 |  11.6
       D:11 |    5005 |    9048 |  64.4 |      15 |      24 |  61.5
       D:12 |    4441 |    6403 |  59.0 |      15 |      11 |  42.3
       D:13 |    6113 |    4114 |  40.2 |      20 |       6 |  23.1
       D:14 |    7057 |       0 |   0.0 |      12 |       0 |   0.0
       D:15 |    5197 |    4436 |  46.1 |       9 |       5 |  35.7
     Lair:1 |    2656 |    1621 |  37.9 |      10 |       5 |  33.3
     Lair:2 |    3186 |    1483 |  31.8 |      11 |       9 |  45.0
     Lair:3 |    6622 |     466 |   6.6 |      28 |       1 |   3.4
     Lair:4 |    3651 |       0 |   0.0 |      18 |       0 |   0.0
     Lair:5 |   15500 |    7753 |  33.3 |      40 |      16 |  28.6
   Shoals:1 |    7729 |    1861 |  19.4 |      19 |       1 |   5.0
   Shoals:2 |    7140 |    1319 |  15.6 |      13 |       1 |   7.1
   Shoals:3 |   12693 |       0 |   0.0 |      24 |       0 |   0.0
   Shoals:4 |    6364 |   28487 |  81.7 |      13 |      41 |  75.9
    Snake:1 |   13171 |    3719 |  22.0 |      27 |       5 |  15.6
    Snake:2 |   21141 |    1257 |   5.6 |      44 |       4 |   8.3
    Snake:3 |    3947 |    1466 |  27.1 |       8 |       4 |  33.3
    Snake:4 |   20323 |   27808 |  57.8 |      42 |      35 |  45.5
      Orc:1 |    1617 |    9098 |  84.9 |      22 |      32 |  59.3
      Orc:2 |    2688 |   17938 |  87.0 |      11 |      73 |  86.9
   Vaults:1 |   34144 |   32872 |  49.1 |      65 |      45 |  40.9
   Vaults:2 |    7768 |   13247 |  63.0 |      16 |      14 |  46.7
     Bailey |       0 |    2082 | 100.0 |       0 |      38 | 100.0
   Gauntlet |       0 |    5057 | 100.0 |       0 |      21 | 100.0
      Arena |    1708 |    1228 |  41.8 |       2 |       1 |  33.3
            +---------+---------+-------+---------+---------+-------
